| TOP OF THE 1ST |
|
State College Spikes batting - Pitching for Brooklyn Cyclones : RHP Ryan Stegall
|
|
Pitching: RHP Ryan Stegall
|
|
|
Batting: RHB Fekadu Alhaadi
|
0-0: Called Strike 0-1: SINGLE (Flyball, 9S, EV 93.1 MPH)
|
|
Batting: RHB Robby Hickman
|
0-0: Called Strike 0-1: Ball 1-1: Called Strike 1-2: Ball 2-2: Ball 3-2: Foul Ball, location: 2F 3-2: Fly out, F6 (Line Drive, 6, EV 74.4 MPH)
|
|
Batting: LHB Ken Compton
|
0-0: Called Strike Fekadu Alhaadi steals 2nd base 0-1: Ball Fekadu Alhaadi steals 3rd base 1-1: TRIPLE (Groundball, 3L, EV 99.4 MPH) Fekadu Alhaadi scores
|
|
Batting: LHB Travis Ruppel
|
0-0: Ball 1-0: Ball 2-0: Fly out, F9 (Flyball, 9D, EV 107.5 MPH) Runner from 3rd tags up, OUT at HOME! 9-2
|
| Top of the 1st over - 1 run, 2 hits, 0 errors, 0 left on base; State College 1 - Brooklyn 0 |
| BOTTOM OF THE 1ST |
|
Brooklyn Cyclones batting - Pitching for State College Spikes : RHP Marcos Vergara
|
|
Pitching: RHP Marcos Vergara
|
|
|
Batting: RHB Darwin Mills
|
0-0: Ball 1-0: Ball 2-0: Foul Ball, location: 2F 2-1: Ball 3-1: Swinging Strike 3-2: Base on Balls
|
|
Batting: RHB Mike Mathews
|
0-0: Fielders Choice at 2nd, 4-6 (Groundball, 4, EV 87.5 MPH)
|
|
Batting: SHB Harrison Feist
|
0-0: Ball 1-0: SINGLE (Groundball, 6MD, EV 97.5 MPH) Mike Mathews to second
|
|
Batting: RHB Matt Tittle
|
0-0: Ball 1-0: Called Strike 1-1: Swinging Strike 1-2: Ball 2-2: Reached on error, E5 (Groundball, 15, EV 80.6 MPH) Mike Mathews to third Harrison Feist to second
|
|
Batting: RHB Mike Patterson
|
0-0: Called Strike 0-1: Called Strike 0-2: Strikes out swinging
|
|
Batting: RHB Adrian Colorado
|
0-0: Swinging Strike 0-1: Swinging Strike 0-2: Strikes out swinging
|
| Bottom of the 1st over - 0 runs, 1 hit, 1 error, 3 left on base; State College 1 - Brooklyn 0 |
| TOP OF THE 2ND |
|
State College Spikes batting - Pitching for Brooklyn Cyclones : RHP Ryan Stegall
|
|
Batting: RHB Richard Riggs
|
0-0: Called Strike 0-1: SINGLE (Line Drive, 56, EV 95.0 MPH)
|
|
Batting: RHB Herbert Loveless
|
Pickoff Throw to First - Error! E1 Richard Riggs to second 0-0: Called Strike 0-1: Swinging Strike 0-2: Ball 1-2: Ball 2-2: Strikes out swinging
|
|
Pitching: RHP Danny Helm
|
|
|
Batting: LHB Jorge Zarazua
|
0-0: Foul Ball, location: 2F 0-1: Swinging Strike 0-2: Ball 1-2: Strikes out swinging
|
|
Batting: RHB Ben Politi
|
0-0: Ball 1-0: Ball 2-0: Foul Ball, location: 2F 2-1: Swinging Strike 2-2: Ball 3-2: Strikes out swinging
|
| Top of the 2nd over - 0 runs, 1 hit, 1 error, 1 left on base; State College 1 - Brooklyn 0 |
| BOTTOM OF THE 2ND |
|
Brooklyn Cyclones batting - Pitching for State College Spikes : RHP Marcos Vergara
|
|
Batting: RHB Brad Brown
|
0-0: Swinging Strike 0-1: Foul Ball, location: 2F 0-2: Ball 1-2: Strikes out swinging
|
|
Batting: RHB Barney Pederson
|
0-0: Ball 1-0: Called Strike 1-1: Ball 2-1: Called Strike 2-2: Ball 3-2: Base on Balls
|
|
Batting: RHB Tyler Lybrand
|
0-0: Bunted foul 0-1: Ball 1-1: Called Strike Barney Pederson steals 2nd base 1-2: Ball 2-2: Foul Ball, location: 2F 2-2: Strikes out swinging
|
|
Batting: RHB Darwin Mills
|
0-0: Ball 1-0: Ball 2-0: Swinging Strike 2-1: Foul Ball, location: 2F 2-2: Strikes out swinging
|
| Bottom of the 2nd over - 0 runs, 0 hits, 0 errors, 1 left on base; State College 1 - Brooklyn 0 |
| TOP OF THE 3RD |
|
State College Spikes batting - Pitching for Brooklyn Cyclones : RHP Danny Helm
|
|
Batting: RHB Bernard Claude
|
0-0: Ball 1-0: Called Strike 1-1: Called Strike 1-2: Strikes out swinging
|
|
Batting: RHB Fekadu Alhaadi
|
0-0: Ball 1-0: Foul Ball, location: 2F 1-1: Ball 2-1: Swinging Strike 2-2: Ball 3-2: Fly out, F8 (Flyball, 8RM, EV 88.1 MPH)
|
|
Pitching: RHP Marvin Merino
|
|
|
Batting: RHB Robby Hickman
|
0-0: Ball 1-0: Foul Ball, location: 2F 1-1: Ball 2-1: Ball 3-1: SINGLE (Flyball, 89S, EV 89.4 MPH)
|
|
Batting: LHB Ken Compton
|
0-0: Called Strike Robby Hickman steals 2nd base 0-1: Swinging Strike 0-2: SINGLE (Groundball, 56, EV 94.4 MPH) Robby Hickman to third Runner from 3rd tries for Home, SAFE, throw by LF to home
|
|
Batting: LHB Travis Ruppel
|
0-0: Ball Ken Compton steals 2nd base 1-0: Ball 2-0: Ball 3-0: Called Strike 3-1: Fly out, F8 (Flyball, 8RD, EV 92.5 MPH)
|
| Top of the 3rd over - 1 run, 2 hits, 0 errors, 1 left on base; State College 2 - Brooklyn 0 |
| BOTTOM OF THE 3RD |
|
Brooklyn Cyclones batting - Pitching for State College Spikes : RHP Marcos Vergara
|
|
Batting: RHB Mike Mathews
|
0-0: Ball 1-0: Ground out 5-3 (Groundball, 56, EV 85.6 MPH)
|
|
Batting: SHB Harrison Feist
|
0-0: Called Strike 0-1: Ball 1-1: Swinging Strike 1-2: Ball 2-2: Foul Ball, location: 2F 2-2: Ground out 6-3 (Groundball, 4, EV 103.1 MPH)
|
|
Batting: RHB Matt Tittle
|
0-0: Ball 1-0: Called Strike 1-1: Foul Ball, location: 2F 1-2: Strikes out swinging, 2-3 out at first.
|
| Bottom of the 3rd over - 0 runs, 0 hits, 0 errors, 0 left on base; State College 2 - Brooklyn 0 |
| TOP OF THE 4TH |
|
State College Spikes batting - Pitching for Brooklyn Cyclones : RHP Marvin Merino
|
|
Batting: RHB Richard Riggs
|
0-0: Called Strike 0-1: Ball 1-1: DOUBLE (Line Drive, 9LM, EV 106.9 MPH)
|
|
Batting: RHB Herbert Loveless
|
0-0: Ground out 6-3 (Groundball, 6M, EV 76.9 MPH) Richard Riggs to third
|
|
Batting: LHB Jorge Zarazua
|
0-0: Called Strike 0-1: Ball 1-1: Called Strike 1-2: Ball 2-2: Foul Ball, location: 2F 2-2: Foul Ball, location: 2F 2-2: Strikes out looking
|
|
Batting: RHB Ben Politi
|
0-0: Ball 1-0: Called Strike 1-1: Called Strike 1-2: Strikes out looking
|
| Top of the 4th over - 0 runs, 1 hit, 0 errors, 1 left on base; State College 2 - Brooklyn 0 |
| BOTTOM OF THE 4TH |
|
Brooklyn Cyclones batting - Pitching for State College Spikes : RHP Marcos Vergara
|
|
Batting: RHB Mike Patterson
|
0-0: Ball 1-0: Swinging Strike 1-1: Ball 2-1: Called Strike 2-2: Strikes out looking
|
|
Batting: RHB Adrian Colorado
|
0-0: Ball 1-0: Ball 2-0: Called Strike 2-1: Foul Ball, location: 2F 2-2: Foul Ball, location: 2F 2-2: Ball 3-2: Foul Ball, location: 2F 3-2: Foul Ball, location: 2F 3-2: Strikes out swinging
|
|
Batting: RHB Brad Brown
|
0-0: Ball 1-0: Ball 2-0: Ball 3-0: Called Strike 3-1: Called Strike 3-2: Strikes out looking
|
| Bottom of the 4th over - 0 runs, 0 hits, 0 errors, 0 left on base; State College 2 - Brooklyn 0 |
| TOP OF THE 5TH |
|
State College Spikes batting - Pitching for Brooklyn Cyclones : RHP Marvin Merino
|
|
Batting: RHB Bernard Claude
|
0-0: Swinging Strike 0-1: Ball 1-1: SINGLE (Line Drive, 89S, EV 109.4 MPH)
|
|
Batting: RHB Fekadu Alhaadi
|
0-0: Ball 1-0: Ball 2-0: Called Strike 2-1: Ball Bernard Claude steals 2nd base 3-1: Base on Balls
|
|
Batting: RHB Robby Hickman
|
0-0: Foul Ball, location: 2F 0-1: Foul Ball, location: 2F 0-2: Ball 1-2: Strikes out swinging
|
|
Batting: LHB Ken Compton
|
0-0: Ball Passed Ball! Bernard Claude to third Fekadu Alhaadi to second 1-0: Ball 2-0: Ball 3-0: Foul Ball, location: 2F 3-1: Base on Balls
|
|
Batting: LHB Travis Ruppel
|
0-0: Ball 1-0: Called Strike 1-1: SINGLE (Groundball, 56D, EV 105.0 MPH) Bernard Claude scores Fekadu Alhaadi to third Ken Compton to second Runner from 3rd tries for Home, SAFE, throw by LF to home
|
|
Batting: RHB Richard Riggs
|
0-0: Ball 1-0: Foul Ball, location: 2F 1-1: Ball 2-1: Ball 3-1: Called Strike 3-2: Base on Balls Ken Compton to third Travis Ruppel to second
|
|
Batting: RHB Herbert Loveless
|
0-0: Ball 1-0: Foul Ball, location: 2F 1-1: Foul Ball, location: 2F 1-2: Ball 2-2: Strikes out swinging
|
|
Batting: LHB Jorge Zarazua
|
0-0: Called Strike 0-1: Ball 1-1: Called Strike 1-2: Strikes out swinging
|
| Top of the 5th over - 2 runs, 2 hits, 0 errors, 3 left on base; State College 4 - Brooklyn 0 |
| BOTTOM OF THE 5TH |
|
Brooklyn Cyclones batting - Pitching for State College Spikes : RHP Marcos Vergara
|
|
Batting: RHB Barney Pederson
|
0-0: Swinging Strike 0-1: Ball 1-1: Foul Ball, location: 2F 1-2: Strikes out swinging
|
|
Pitching: RHP Jason Meade
|
|
|
Batting: RHB Tyler Lybrand
|
0-0: Ball 1-0: Foul Ball, location: 2F 1-1: Swinging Strike 1-2: Strikes out swinging
|
|
Batting: RHB Darwin Mills
|
0-0: Called Strike 0-1: Foul Ball, location: 2F 0-2: Foul Ball, location: 2F 0-2: Ball 1-2: Foul Ball, location: 2F 1-2: Strikes out looking
|
| Bottom of the 5th over - 0 runs, 0 hits, 0 errors, 0 left on base; State College 4 - Brooklyn 0 |
| TOP OF THE 6TH |
|
State College Spikes batting - Pitching for Brooklyn Cyclones : RHP Marvin Merino
|
|
Batting: RHB Ben Politi
|
0-0: SINGLE (Groundball, 15S, EV 64.4 MPH) (infield hit)
|
|
Batting: RHB Bernard Claude
|
0-0: Ball Ben Politi steals 2nd base 1-0: Ball 2-0: Ball 3-0: Called Strike 3-1: Foul Ball, location: 2F 3-2: Hit by Pitch
|
|
Batting: RHB Fekadu Alhaadi
|
0-0: Hit by Pitch Ben Politi to third Bernard Claude to second
|
|
Batting: RHB Robby Hickman
|
0-0: Foul Ball, location: 2F 0-1: Swinging Strike 0-2: Strikes out swinging
|
|
Batting: LHB Ken Compton
|
0-0: Ball 1-0: Called Strike 1-1: Reached on error, E8 (Flyball, 8RD, EV 106.2 MPH) Ben Politi scores Bernard Claude to third Fekadu Alhaadi to second
|
|
Batting: LHB Travis Ruppel
|
0-0: Ball 1-0: DOUBLE (Flyball, 8LXD, EV 93.8 MPH) Bernard Claude scores Fekadu Alhaadi scores Ken Compton to third
|
|
Batting: RHB Richard Riggs
|
0-0: SINGLE (Line Drive, 78M, EV 86.2 MPH) Ken Compton scores Travis Ruppel to third
|
|
Batting: RHB Herbert Loveless
|
0-0: Foul Ball, location: 2F 0-1: SINGLE (Line Drive, 8LS, EV 110.6 MPH) Travis Ruppel scores Richard Riggs to second
|
|
Batting: LHB Jorge Zarazua
|
0-0: Hit by Pitch Richard Riggs to third Herbert Loveless to second
|
|
Batting: RHB Ben Politi
|
0-0: Ball 1-0: Fielders Choice at 2nd, 5-4 (Groundball, 56S, EV 83.1 MPH) Richard Riggs scores Herbert Loveless to third
|
|
Batting: RHB Bernard Claude
|
0-0: Fly out, F9 (Flyball, 9D, EV 100.6 MPH)
|
| Top of the 6th over - 6 runs, 4 hits, 1 error, 2 left on base; State College 10 - Brooklyn 0 |
| BOTTOM OF THE 6TH |
|
Brooklyn Cyclones batting - Pitching for State College Spikes : RHP Jason Meade
|
|
Batting: RHB Mike Mathews
|
0-0: Called Strike 0-1: Ball 1-1: Ball 2-1: Foul Ball, location: 2F 2-2: Strikes out swinging
|
|
Batting: SHB Harrison Feist
|
0-0: Ball 1-0: Called Strike 1-1: Ball 2-1: Foul Ball, location: 2F 2-2: Ball 3-2: Foul Ball, location: 2F 3-2: Foul Ball, location: 2F 3-2: Ground out 4-3 (Groundball, 4, EV 88.1 MPH)
|
|
Batting: RHB Matt Tittle
|
0-0: Ball 1-0: Foul Ball, location: 2F 1-1: SINGLE (Groundball, 4MD, EV 93.8 MPH)
|
|
Batting: RHB Mike Patterson
|
0-0: Swinging Strike 0-1: Ball 1-1: Foul Ball, location: 2F 1-2: Strikes out swinging
|
| Bottom of the 6th over - 0 runs, 1 hit, 0 errors, 1 left on base; State College 10 - Brooklyn 0 |
| TOP OF THE 7TH |
|
State College Spikes batting - Pitching for Brooklyn Cyclones : RHP Marvin Merino
|
|
Batting: RHB Fekadu Alhaadi
|
0-0: Ground out 5-3 (Groundball, 56S, EV 87.5 MPH)
|
|
Batting: RHB Robby Hickman
|
0-0: Ball 1-0: Ball 2-0: Called Strike 2-1: SINGLE (Line Drive, 4D, EV 97.5 MPH)
|
|
Batting: LHB Ken Compton
|
0-0: Reached on error, E7 (Flyball, 78M, EV 87.5 MPH) Robby Hickman to second
|
|
Batting: LHB Travis Ruppel
|
0-0: Fly out, F7 (Flyball, 78S, EV 96.9 MPH)
|
|
Batting: RHB Richard Riggs
|
0-0: Reached via error on a dropped throw from 1B, E1 (Groundball, 34S, EV 88.1 MPH) Robby Hickman to third Ken Compton to second
|
|
Batting: RHB Herbert Loveless
|
0-0: Ball 1-0: SINGLE (Line Drive, 4D, EV 97.5 MPH) Robby Hickman scores Ken Compton to third Richard Riggs to second Runner from 3rd tries for Home, SAFE, throw by CF to home
|
|
Batting: LHB Jorge Zarazua
|
0-0: Ball 1-0: Called Strike 1-1: Called Strike 1-2: Foul Ball, location: 2F 1-2: Ball 2-2: Strikes out swinging
|
| Top of the 7th over - 2 runs, 2 hits, 2 errors, 2 left on base; State College 12 - Brooklyn 0 |
| BOTTOM OF THE 7TH |
|
Brooklyn Cyclones batting - Pitching for State College Spikes : RHP Jason Meade
|
|
Batting: RHB Adrian Colorado
|
0-0: Called Strike 0-1: Foul Ball, location: 2F 0-2: Foul Ball, location: 2F 0-2: Strikes out swinging
|
|
Batting: RHB Brad Brown
|
0-0: Ball 1-0: Called Strike 1-1: Foul Ball, location: 2F 1-2: Ball 2-2: Ball 3-2: Strikes out swinging
|
|
Batting: RHB Barney Pederson
|
0-0: Called Strike 0-1: Foul Ball, location: 2F 0-2: Ball 1-2: Strikes out swinging, 2-3 out at first.
|
| Bottom of the 7th over - 0 runs, 0 hits, 0 errors, 0 left on base; State College 12 - Brooklyn 0 |
| TOP OF THE 8TH |
|
State College Spikes batting - Pitching for Brooklyn Cyclones : RHP Marvin Merino
|
|
Batting: RHB Ben Politi
|
0-0: Ground out 6-3 (Groundball, 6, EV 108.8 MPH)
|
|
Batting: RHB Bernard Claude
|
0-0: Ball 1-0: SINGLE (Groundball, 6MS, EV 70.6 MPH) (infield hit)
|
|
Batting: RHB Fekadu Alhaadi
|
0-0: Ball 1-0: Foul Ball, location: 2F 1-1: Ball 2-1: Foul Ball, location: 2F 2-2: Ball 3-2: Foul Ball, location: 2F 3-2: Strikes out swinging
|
|
Batting: RHB Robby Hickman
|
0-0: Foul Ball, location: 2F 0-1: Foul Ball, location: 2F 0-2: Foul Ball, location: 2F 0-2: Ball Wild Pitch! Bernard Claude to second 1-2: Strikes out swinging
|
| Top of the 8th over - 0 runs, 1 hit, 0 errors, 1 left on base; State College 12 - Brooklyn 0 |
| BOTTOM OF THE 8TH |
|
Brooklyn Cyclones batting - Pitching for State College Spikes : RHP Jason Meade
|
|
Pitching: RHP Jeremy Bonita
|
|
|
Batting: RHB Tyler Lybrand
|
0-0: Ball 1-0: Ball 2-0: Called Strike 2-1: Swinging Strike 2-2: Strikes out looking
|
|
Batting: RHB Darwin Mills
|
0-0: Ball 1-0: Called Strike 1-1: Swinging Strike 1-2: Strikes out looking
|
|
Batting: RHB Mike Mathews
|
0-0: Ground out 4-3 (Groundball, 4M, EV 79.4 MPH)
|
| Bottom of the 8th over - 0 runs, 0 hits, 0 errors, 0 left on base; State College 12 - Brooklyn 0 |
| TOP OF THE 9TH |
|
State College Spikes batting - Pitching for Brooklyn Cyclones : RHP Marvin Merino
|
|
Batting: LHB Ken Compton
|
0-0: Fly out, F8 (Flyball, 8LD, EV 106.2 MPH)
|
|
Batting: LHB Travis Ruppel
|
0-0: Swinging Strike 0-1: Ball 1-1: Swinging Strike 1-2: Strikes out swinging
|
|
Batting: RHB Richard Riggs
|
0-0: Fly out, F8 (Flyball, 78M, EV 88.1 MPH)
|
| Top of the 9th over - 0 runs, 0 hits, 0 errors, 0 left on base; State College 12 - Brooklyn 0 |
| BOTTOM OF THE 9TH |
|
Brooklyn Cyclones batting - Pitching for State College Spikes : RHP Jeremy Bonita
|
|
Batting: SHB Harrison Feist
|
0-0: Foul Ball, location: 2F 0-1: Ball 1-1: Ball 2-1: Swinging Strike 2-2: Foul Ball, location: 2F 2-2: Strikes out looking
|
|
Batting: RHB Matt Tittle
|
0-0: Ball 1-0: Ball 2-0: Called Strike 2-1: Called Strike 2-2: Foul Ball, location: 2F 2-2: DOUBLE (Flyball, 8RXD, EV 105.6 MPH)
|
|
Pitching: RHP Pabiyan Vetlitsky
|
|
|
Batting: RHB Mike Patterson
|
0-0: SINGLE (Line Drive, 89M, EV 90.6 MPH) Matt Tittle to third
|
|
Batting: RHB Adrian Colorado
|
0-0: Ball 1-0: Foul Ball, location: 2F 1-1: Called Strike 1-2: Foul Ball, location: 2F 1-2: Strikes out swinging
|
|
Batting: RHB Brad Brown
|
0-0: Called Strike 0-1: Swinging Strike 0-2: Strikes out looking
|
| Bottom of the 9th over - 0 runs, 2 hits, 0 errors, 2 left on base; State College 12 - Brooklyn 0 |
|